Construct Section Command Post
Selects Indian Artillery Battlegroup
Construct Platoon Command Post
6-pounder Anti-tank Gun Team
Unlock Bishop Self-propelled Artillery
Construct Company Command Post
Selects Gurkha Rifles Section
Unlock Towed 17-pounder Anti-tank Guns
17-pounder Anti-tank Gun Team
Selects Artillery Saturation
Selects Off-map Airburst Barrage
Selects Perimeter Monitor
17-pounder Anti-tank Gun Team